 Dungeon Crawl Stone Soup version 0.29.1-14-g9c671dbff4 (webtiles) character file.

Game seed: 4490943273248969536

152 KittyFluff the Cudgeller (level 5, -3/49 HPs)
             Began as a Gargoyle Berserker on Feb 16, 2023.
             Was a Believer of Trog.
             Slain by a gnoll
             ... wielding a +0 flail
              (8 damage)
             ... on level 2 of the Dungeon.
             The game lasted 00:08:18 (2262 turns).

KittyFluff the Cudgeller (Gargoyle Berserker)       Turns: 2262, Time: 00:08:18

Health: -3/49      AC:  6    Str: 21    XL:     5   Next: 34%
Magic:  5/5        EV: 12    Int:  7    God:    Trog [**....]
Gold:   79         SH:  0    Dex: 11    Spells: 4/4 levels left

rFire   . . .      SeeInvis .   a - +2 mace (vorpal)
rCold   . . .      Faith    .   (no shield)
rNeg    + . .      Spirit   .   b - +0 animal skin
rPois   ∞          Reflect  .   (no helmet)
rElec   +          Harm     .   (no cloak)
rCorr   .          Rampage  .   (no gloves)
Will    .....                   (no boots)
Stlth   ..........              (no amulet)
HPRegen 0.16/turn               (no ring)
MPRegen 0.09/turn               (no ring)

@: berserking, very quick
A: sickness immunity, AC +4, negative energy resistance 1, electricity
resistance, torment resistance 1, petrification resistance
a: Renounce Religion, Berserk, Trog's Hand


You were on level 2 of the Dungeon.
You worshipped Trog.
Trog was pleased with you.
You visited 1 branch of the dungeon, and saw 2 of its levels.

You collected 79 gold pieces.

Inventory:

Hand Weapons
 a - a +2 vorpal mace (weapon)
 l - a +2 whip of venom
Missiles
 d - 29 stones (quivered)
Armour
 b - a +0 animal skin (worn)
 h - a +0 ring mail
Jewellery
 k - an amulet of faith
Wands
 p - a wand of charming (7)
Scrolls
 f - a scroll of butterflies {unknown}
 g - a scroll of teleportation {unknown}
 i - a scroll of brand weapon {unknown}
 j - a scroll of amnesia {unknown}
 n - a scroll of immolation {unknown}
 o - a scroll of noise {unknown}
 q - a scroll of blinking {unknown}
Potions
 c - a potion of degeneration {unknown}
 e - a potion of curing
 m - a potion of invisibility
 r - a potion of heal wounds {unknown}


   Skills:
 + Level 4.0 Fighting
 + Level 4.4 Maces & Flails
 + Level 0.3 Throwing
 * Level 3.2 Armour
 + Level 2.2 Dodging
 + Level 0.5 Stealth


You had 4 spell levels left.
You didn't know any spells.
Your spell library was empty.

Dungeon Overview and Level Annotations

Branches:
Dungeon (2/15)

Altars:


Innate Abilities, Weirdness & Mutations

You are immune to sickness and miasma.
Your stone body is resilient. (AC +4)
You are immune to poison.
You resist negative energy. (rN+)
You are resistant to electric shocks. (rElec)
You are resistant to unholy torment.
You are immune to petrification.


Message History

Found a stone staircase leading down.
You hit the gnoll.
The gnoll is lightly wounded.
The gnoll barely misses you.
You barely miss the gnoll.
The gnoll is lightly wounded.
The gnoll hits you with a +0 club.
You barely miss the gnoll.
The gnoll is lightly wounded.
The gnoll misses you.
You hit the gnoll.
The gnoll is heavily wounded.
The gnoll closely misses you.
You sock the gnoll!
You kill the gnoll!
Trog accepts your kill.
You hit the gnoll but do no damage. The gnoll hits you with a +0 flail!
You hit the gnoll but do no damage. The gnoll closely misses you.
You hit the gnoll.
The gnoll is moderately wounded.
The gnoll closely misses you.
You barely miss the gnoll.
The gnoll is moderately wounded.
The gnoll hits you with a +0 flail!
You barely miss the gnoll.
The gnoll is moderately wounded.
The gnoll closely misses you. The gnoll hits you with a +0 flail.
* * * LOW HITPOINT WARNING * * *
You barely miss the gnoll.
The gnoll is moderately wounded.
The gnoll hits you with a +0 flail.
* * * LOW HITPOINT WARNING * * *
You hit the gnoll but do no damage.
The gnoll is moderately wounded.
The gnoll hits you with a +0 flail.
* * * LOW HITPOINT WARNING * * *
A red film seems to cover your vision as you go berserk!
You feel yourself moving faster!
You feel mighty! The gnoll hits you with a +0 flail!
You die...

#........##############.#
########.# #.#
.######.##############.#
.....................#.#
.######.###########.##.#
#.# #.##.#
####.###########.##.#
#.................#.#
#..g@.....##...#..#.#
#.....###.......:......
......# ##.#.....#..#.#
..#... #...#...#..#.#
....# ###.....#..#.# >..#
##....#..#.# ...
#.......... ..
#.:#....... .....).##.#


You could see a gnoll.

Vanquished Creatures
  An orc priest (D:2)
  An orc wizard (D:2)
  3 gnolls (D:2)
  An adder (D:2)
  A dart slug (D:1)
  3 orcs (D:2)
  A ball python (D:1)
  An endoplasm (D:1)
  3 giant cockroaches
  4 goblins (D:1)
  8 hobgoblins
  11 kobolds
  A quokka (D:2)
  5 bats
  3 frilled lizards
  7 rats
54 creatures vanquished.

Vanquished Creatures (others)
  13 plants
13 creatures vanquished.

Grand Total: 67 creatures vanquished

Notes
Turn   | Place    | Note
-------+----------+-------------------------------------------
     0 | D:1      | KittyFluff the Gargoyle Berserker began the quest for the
                  | Orb.
     0 | D:1      | Reached XP level 1. HP: 14/14 MP: 1/1
   204 | D:1      | Reached XP level 2. HP: 15/19 MP: 2/2
   632 | D:1      | Reached XP level 3. HP: 24/24 MP: 3/3
   840 | D:1      | Found a faded altar of an unknown god.
  1222 | D:2      | Reached ** piety under Trog
  1249 | D:2      | Reached XP level 4. HP: 9/29 MP: 4/4
  1848 | D:2      | Reached XP level 5. HP: 9/33 MP: 5/5
  2262 | D:2      | Slain by a gnoll

Illustrated notes

Levels and vault maps discovered:
D:1:      dpeg_arrival_snail, layout_loops_ring,
          shapermc_ecumenical_altar_rom_forum, minivault_5
D:2:      cheibrodos_greedy_goblins, layout_basic, lexackson_kobold_supper

Skill      XL: |  1  2  3  4 |
---------------+-------------+-----
Dodging        | 2 |  2.2
Maces & Flails | 4 |  4.4
Armour         | 3 |  3.2
Fighting       | 4 |  4.0
Throwing       | |  0.3
Stealth        | |  0.5

Action                   |  1- 3 |  4- 6 || total
-------------------------+-------+-------++-------
Melee: Mace              |    84 |    49 ||   133
Throw: Stone             |     4 |     8 ||    12
Invok: Berserk           |       |     2 ||     2
  Use: Scroll            |     2 |       ||     2
 Stab: Sleeping          |     1 |       ||     1
Armor: Animal skin       |    36 |     7 ||    43
Dodge: Dodged            |    56 |    32 ||    88
